| TOP OF THE 1ST |
|
Greenville Spinners batting - Pitching for Spartanburg Spartans : LHP Scott Budner
|
|
Pitching: LHP Scott Budner
|
|
|
Batting: RHB Tony Russell
|
0-0: SINGLE (Groundball, 25, EV 71.9 MPH) (infield hit)
|
|
Batting: RHB Richard Duran
|
0-0: Fly out, F8 (Flyball, 8LS, EV 81.9 MPH)
|
|
Batting: RHB Bobby Miscik
|
0-0: Ball 1-0: Ball 2-0: Foul Ball, location: 2F 2-1: Ball 3-1: Foul Ball, location: 2F 3-2: Foul Ball, location: 2F 3-2: Fly out, F2 (Popup, 25F, EV 81.3 MPH)
|
|
Batting: LHB William Hance
|
0-0: Called Strike 0-1: Foul Ball, location: 2F 0-2: Strikes out swinging
|
| Top of the 1st over - 0 runs, 1 hit, 0 errors, 1 left on base; Greenville 0 - Spartanburg 0 |
| BOTTOM OF THE 1ST |
|
Spartanburg Spartans batting - Pitching for Greenville Spinners : RHP Tony Pedroza
|
|
Pitching: RHP Tony Pedroza
|
|
|
Batting: SHB Michael Vanderburg
|
0-0: Foul Ball, location: 2F 0-1: Ball 1-1: Ball 2-1: Ball 3-1: Base on Balls
|
|
Batting: RHB Van Sowards
|
0-0: Ball 1-0: Ball Wild Pitch! Michael Vanderburg to second 2-0: Ball 3-0: Base on Balls
|
|
Batting: RHB Gib Seibert
|
0-0: Ball 1-0: Ball 2-0: Foul Ball, location: 2F 2-1: Ball 3-1: Base on Balls Michael Vanderburg to third Van Sowards to second
|
|
Batting: LHB John Hennell
|
0-0: Foul Ball, location: 2F 0-1: Foul Ball, location: 2F 0-2: Ball 1-2: DOUBLE (Flyball, 8LXD, EV 98.1 MPH) Michael Vanderburg scores Van Sowards scores Gib Seibert to third
|
|
Batting: RHB Dan Boever
|
0-0: Ball 1-0: Ball 2-0: Foul Ball, location: 2F 2-1: Ball 3-1: Foul Ball, location: 2F 3-2: Base on Balls
|
|
Batting: RHB Inocencio Guerrero
|
0-0: Called Strike 0-1: Fly out, F8 (Flyball, 8LM, EV 76.3 MPH)
|
|
Batting: LHB Albert Ortiz
|
0-0: Ball 1-0: Foul Ball, location: 2F 1-1: Called Strike 1-2: Strikes out swinging
|
|
Batting: RHB Ron Dillard
|
0-0: Ball 1-0: Swinging Strike 1-1: SINGLE (Groundball, 34S, EV 66.3 MPH) (infield hit) Gib Seibert scores John Hennell to third Dan Boever to second
|
|
Batting: LHB Ross Kingsley
|
0-0: Ball 1-0: Called Strike 1-1: Called Strike 1-2: Ball 2-2: Foul Ball, location: 2F 2-2: Fielders Choice at 2nd, 5-4 (Groundball, 5, EV 103.1 MPH)
|
| Bottom of the 1st over - 3 runs, 2 hits, 0 errors, 3 left on base; Greenville 0 - Spartanburg 3 |
| TOP OF THE 2ND |
|
Greenville Spinners batting - Pitching for Spartanburg Spartans : LHP Scott Budner
|
|
Batting: RHB Glenn Robertson
|
0-0: Called Strike 0-1: Foul Ball, location: 2F 0-2: Foul Ball, location: 2F 0-2: Ball 1-2: Strikes out swinging
|
|
Batting: LHB John Edmonds
|
0-0: Ball 1-0: Foul Ball, location: 2F 1-1: Ball 2-1: SINGLE (Line Drive, 8LS, EV 88.8 MPH)
|
|
Batting: RHB Michael McEvilly
|
0-0: Ball 1-0: Ball 2-0: Fielders Choice at 2nd, 5-4 (Groundball, 56, EV 83.1 MPH)
|
|
Batting: RHB Luis Salazar
|
0-0: Called Strike 0-1: Ball 1-1: Ball 2-1: Ball 3-1: DOUBLE (Line Drive, 7LM, EV 111.3 MPH) Michael McEvilly to third
|
|
Batting: RHB Darrell Woodard
|
0-0: Ball Wild Pitch! Michael McEvilly scores Luis Salazar to third 1-0: Called Strike 1-1: Ground out 5-3 (Groundball, 5, EV 103.1 MPH)
|
| Top of the 2nd over - 1 run, 2 hits, 0 errors, 1 left on base; Greenville 1 - Spartanburg 3 |
| BOTTOM OF THE 2ND |
|
Spartanburg Spartans batting - Pitching for Greenville Spinners : RHP Tony Pedroza
|
|
Batting: SHB Michael Vanderburg
|
0-0: Ball 1-0: Swinging Strike 1-1: SINGLE (Flyball, 5D, EV 91.9 MPH)
|
|
Batting: RHB Van Sowards
|
0-0: Ball 1-0: Foul Ball, location: 2F 1-1: Ball 2-1: Foul Ball, location: 2F 2-2: SINGLE (Groundball, 34D, EV 98.8 MPH) Michael Vanderburg to second Runner from 2nd tries for 3rd, SAFE, no throw by RF
|
|
Batting: RHB Gib Seibert
|
0-0: Ball 1-0: Called Strike 1-1: Foul Ball, location: 2F 1-2: Ball 2-2: Ball 3-2: SINGLE (Line Drive, 89S, EV 97.5 MPH) Michael Vanderburg scores Van Sowards to second
|
|
Batting: LHB John Hennell
|
0-0: Swinging Strike 0-1: SINGLE (Line Drive, 6M, EV 95.6 MPH) Van Sowards to third Gib Seibert to second
|
|
Batting: RHB Dan Boever
|
0-0: Called Strike 0-1: Swinging Strike 0-2: Strikes out swinging
|
|
Batting: RHB Inocencio Guerrero
|
0-0: Foul Ball, location: 2F 0-1: Called Strike 0-2: Strikes out swinging
|
|
Batting: LHB Albert Ortiz
|
0-0: Ball 1-0: Foul Ball, location: 2F 1-1: Ball 2-1: Called Strike 2-2: Foul Ball, location: 2F 2-2: Foul Ball, location: 2F 2-2: Ball 3-2: Base on Balls Van Sowards scores Gib Seibert to third John Hennell to second
|
|
Batting: RHB Ron Dillard
|
0-0: Ball 1-0: Fielders Choice at 2nd, U6 (Groundball, 6M, EV 86.9 MPH)
|
| Bottom of the 2nd over - 2 runs, 4 hits, 0 errors, 3 left on base; Greenville 1 - Spartanburg 5 |
| TOP OF THE 3RD |
|
Greenville Spinners batting - Pitching for Spartanburg Spartans : LHP Scott Budner
|
|
Batting: RHB Tony Russell
|
0-0: Ball 1-0: Ball 2-0: SINGLE (Flyball, 8RS, EV 93.1 MPH)
|
|
Batting: RHB Richard Duran
|
0-0: Ball 1-0: Called Strike 1-1: Foul Ball, location: 2F 1-2: Ball 2-2: Strikes out swinging
|
|
Batting: RHB Bobby Miscik
|
0-0: Called Strike 0-1: Foul Ball, location: 2F 0-2: Ball 1-2: Ball 2-2: Ball 3-2: Fly out, F9 (Flyball, 9LS, EV 88.8 MPH)
|
|
Batting: LHB William Hance
|
0-0: Ball 1-0: Called Strike 1-1: Ground out 4-3 (Groundball, 4, EV 108.1 MPH)
|
| Top of the 3rd over - 0 runs, 1 hit, 0 errors, 1 left on base; Greenville 1 - Spartanburg 5 |
| BOTTOM OF THE 3RD |
|
Spartanburg Spartans batting - Pitching for Greenville Spinners : RHP Tony Pedroza
|
|
Batting: LHB Ross Kingsley
|
0-0: Fly out, F9 (Flyball, 9D, EV 95.0 MPH)
|
|
Batting: SHB Michael Vanderburg
|
0-0: Ball 1-0: Called Strike 1-1: Foul Ball, location: 2F 1-2: Fly out, F8 (Flyball, 8LD, EV 97.5 MPH)
|
|
Batting: RHB Van Sowards
|
0-0: Ball 1-0: Foul Ball, location: 2F 1-1: Ground out 4-3 (Groundball, 4D, EV 103.8 MPH)
|
| Bottom of the 3rd over - 0 runs, 0 hits, 0 errors, 0 left on base; Greenville 1 - Spartanburg 5 |
| TOP OF THE 4TH |
|
Greenville Spinners batting - Pitching for Spartanburg Spartans : LHP Scott Budner
|
|
Batting: RHB Glenn Robertson
|
0-0: Ball 1-0: Ball 2-0: Ball 3-0: Called Strike 3-1: Base on Balls
|
|
Batting: LHB John Edmonds
|
0-0: Called Strike 0-1: Ball 1-1: Fly out, F9 (Flyball, 89D, EV 109.4 MPH)
|
|
Batting: RHB Michael McEvilly
|
0-0: Called Strike 0-1: SINGLE (Groundball, 56D, EV 98.1 MPH) Glenn Robertson to second
|
|
Batting: RHB Luis Salazar
|
0-0: Called Strike 0-1: Called Strike 0-2: Ball 1-2: Ball 2-2: SINGLE (Groundball, 4M, EV 106.9 MPH) (infield hit) Glenn Robertson to third Michael McEvilly to second
|
|
Batting: RHB Darrell Woodard
|
0-0: Called Strike 0-1: Fly out, F4 (Line Drive, 4, EV 64.4 MPH)
|
|
Batting: RHB Tony Russell
|
0-0: Ground out 1-3 (Groundball, 13S, EV 68.8 MPH)
|
| Top of the 4th over - 0 runs, 2 hits, 0 errors, 3 left on base; Greenville 1 - Spartanburg 5 |
| BOTTOM OF THE 4TH |
|
Spartanburg Spartans batting - Pitching for Greenville Spinners : RHP Tony Pedroza
|
|
Batting: RHB Gib Seibert
|
0-0: Called Strike 0-1: DOUBLE (Line Drive, 7LM, EV 97.5 MPH)
|
|
Batting: LHB John Hennell
|
0-0: Ground out 6-3 (Groundball, 4MD, EV 95.6 MPH) Gib Seibert to third
|
|
Batting: RHB Dan Boever
|
0-0: Ball 1-0: Called Strike 1-1: Ground out 5-3 (Groundball, 56, EV 82.5 MPH) Gib Seibert scores
|
|
Batting: RHB Inocencio Guerrero
|
0-0: Ball 1-0: Called Strike 1-1: Ball 2-1: Ground out 6-3 (Groundball, 6S, EV 68.1 MPH)
|
| Bottom of the 4th over - 1 run, 1 hit, 0 errors, 0 left on base; Greenville 1 - Spartanburg 6 |
| TOP OF THE 5TH |
|
Greenville Spinners batting - Pitching for Spartanburg Spartans : LHP Scott Budner
|
|
Batting: RHB Richard Duran
|
0-0: Ball 1-0: SINGLE (Flyball, 34D, EV 95.0 MPH)
|
|
Batting: RHB Bobby Miscik
|
0-0: Swinging Strike 0-1: Ball 1-1: Foul Ball, location: 2F 1-2: Foul Ball, location: 2F 1-2: Strikes out swinging
|
|
Batting: LHB William Hance
|
0-0: Ball 1-0: Called Strike 1-1: Ball 2-1: Ball 3-1: Fly out, F8 (Flyball, 8LM, EV 90.6 MPH)
|
|
Batting: RHB Glenn Robertson
|
0-0: Called Strike 0-1: Ball 1-1: Swinging Strike 1-2: Ball 2-2: Foul Ball, location: 2F 2-2: Ball 3-2: Base on Balls Richard Duran to second
|
|
Batting: LHB John Edmonds
|
0-0: Called Strike 0-1: Foul Ball, location: 2F 0-2: Strikes out swinging
|
| Top of the 5th over - 0 runs, 1 hit, 0 errors, 2 left on base; Greenville 1 - Spartanburg 6 |
| BOTTOM OF THE 5TH |
|
Spartanburg Spartans batting - Pitching for Greenville Spinners : RHP Tony Pedroza
|
|
Batting: LHB Albert Ortiz
|
0-0: Ball 1-0: Ball 2-0: Ground out 4-3 (Groundball, 4, EV 88.1 MPH)
|
|
Batting: RHB Ron Dillard
|
0-0: Ball 1-0: Fly out, F9 (Flyball, 89S, EV 92.5 MPH)
|
|
Batting: LHB Ross Kingsley
|
0-0: Swinging Strike 0-1: Fly out, F4 (Popup, 4MD, EV 56.3 MPH)
|
| Bottom of the 5th over - 0 runs, 0 hits, 0 errors, 0 left on base; Greenville 1 - Spartanburg 6 |
| TOP OF THE 6TH |
|
Greenville Spinners batting - Pitching for Spartanburg Spartans : LHP Scott Budner
|
|
Batting: RHB Michael McEvilly
|
0-0: Fly out, F3 (Popup, 3, EV 63.8 MPH)
|
|
Batting: RHB Luis Salazar
|
0-0: Ball 1-0: Called Strike 1-1: Ball 2-1: Foul Ball, location: 2F 2-2: Strikes out looking
|
|
Batting: RHB Darrell Woodard
|
0-0: Ball 1-0: Called Strike 1-1: Ground out 6-3 (Groundball, 6, EV 81.9 MPH)
|
| Top of the 6th over - 0 runs, 0 hits, 0 errors, 0 left on base; Greenville 1 - Spartanburg 6 |
| BOTTOM OF THE 6TH |
|
Spartanburg Spartans batting - Pitching for Greenville Spinners : RHP Tony Pedroza
|
|
Batting: SHB Michael Vanderburg
|
0-0: Called Strike 0-1: Ball 1-1: Foul Ball, location: 2F 1-2: Ball 2-2: SINGLE (Groundball, P, EV 82.5 MPH) (infield hit)
|
|
Batting: RHB Van Sowards
|
0-0: Ball 1-0: Swinging Strike 1-1: Swinging Strike 1-2: Foul Ball, location: 2F 1-2: Ball 2-2: Foul Ball, location: 2F 2-2: Foul Ball, location: 2F 2-2: SINGLE (Line Drive, 9S, EV 88.8 MPH) Michael Vanderburg to second Runner from 2nd tries for 3rd, SAFE, throw by RF made to third
|
|
Pitching: RHP Rafael Camarena
|
|
|
Batting: RHB Gib Seibert
|
0-0: Ball 1-0: DOUBLE (Flyball, 89XD, EV 99.4 MPH) Michael Vanderburg scores Van Sowards to third Runner from 3rd tries for Home, SAFE, no throw by RF
|
|
Batting: LHB John Hennell
|
0-0: Ball 1-0: Swinging Strike 1-1: Ball 2-1: Ground out 4-3 (Groundball, 4M, EV 101.9 MPH) Gib Seibert to third
|
|
Batting: RHB Dan Boever
|
0-0: Ball 1-0: Swinging Strike 1-1: Called Strike 1-2: Ball 2-2: Fly out, F8 (Flyball, 89D, EV 103.8 MPH) Runner from 3rd tags up, SCORES, throw by CF
|
|
Batting: RHB Inocencio Guerrero
|
0-0: SINGLE (Groundball, P, EV 86.3 MPH) (infield hit)
|
|
Batting: LHB Albert Ortiz
|
0-0: Ground out U3 (Groundball, 3S, EV 90.6 MPH)
|
| Bottom of the 6th over - 3 runs, 4 hits, 0 errors, 1 left on base; Greenville 1 - Spartanburg 9 |
| TOP OF THE 7TH |
|
Greenville Spinners batting - Pitching for Spartanburg Spartans : LHP Scott Budner
|
|
Batting: RHB Tony Russell
|
0-0: Called Strike 0-1: Ball 1-1: Ball 2-1: Ball 3-1: Base on Balls
|
|
Batting: RHB Richard Duran
|
0-0: Ball 1-0: Grounds into double play, 1-4-3 (Groundball, P, EV 65.0 MPH)
|
|
Pinch Hitting: RHB Brandt Humphry
|
0-0: Ball 1-0: SINGLE (Groundball, 56D, EV 100.0 MPH)
|
|
Batting: LHB William Hance
|
0-0: SINGLE (Groundball, 25, EV 66.3 MPH) (infield hit) Brandt Humphry to second
|
|
Pinch Hitting: SHB Michael Kennedy
|
0-0: SINGLE (Flyball, 9LS, EV 93.8 MPH) Brandt Humphry to third William Hance to second Runner from 3rd tries for Home, SAFE, throw by RF to home
|
|
Batting: LHB John Edmonds
|
0-0: Ball 1-0: Swinging Strike 1-1: Called Strike 1-2: Ball 2-2: Ball 3-2: SINGLE (Line Drive, 6MD, EV 101.3 MPH) William Hance to third Michael Kennedy to second William Hance scores Michael Kennedy to third
|
|
Batting: RHB Michael McEvilly
|
0-0: Called Strike 0-1: Called Strike 0-2: Ball 1-2: DOUBLE (Flyball, 89XD, EV 104.4 MPH) Michael Kennedy scores John Edmonds to third Runner from 3rd tries for Home, SAFE, throw by RF to trailing runner, SAFE at third!
|
|
Batting: RHB Luis Salazar
|
0-0: Called Strike 0-1: Fly out, F9 (Line Drive, 9, EV 84.4 MPH)
|
| Top of the 7th over - 4 runs, 5 hits, 0 errors, 1 left on base; Greenville 5 - Spartanburg 9 |
| BOTTOM OF THE 7TH |
|
Spartanburg Spartans batting - Pitching for Greenville Spinners : RHP Rafael Camarena
|
|
Now at 1B: Brandt Humphry
|
|
|
Now at 2B: Michael Kennedy
|
|
|
Batting: RHB Ron Dillard
|
0-0: Called Strike 0-1: Ground out 6-3 (Groundball, 6, EV 79.4 MPH)
|
|
Batting: LHB Ross Kingsley
|
0-0: Foul Ball, location: 2F 0-1: Ball 1-1: Foul Ball, location: 2F 1-2: Ball 2-2: Foul Ball, location: 2F 2-2: Foul Ball, location: 2F 2-2: Foul Ball, location: 2F 2-2: Ground out 4-3 (Groundball, 4, EV 91.9 MPH)
|
|
Batting: SHB Michael Vanderburg
|
0-0: Called Strike 0-1: Fly out, F9 (Flyball, 9S, EV 94.4 MPH)
|
| Bottom of the 7th over - 0 runs, 0 hits, 0 errors, 0 left on base; Greenville 5 - Spartanburg 9 |
| TOP OF THE 8TH |
|
Greenville Spinners batting - Pitching for Spartanburg Spartans : LHP Scott Budner
|
|
Batting: RHB Darrell Woodard
|
0-0: Swinging Strike 0-1: Foul Ball, location: 2F 0-2: Ball 1-2: Strikes out swinging
|
|
Batting: RHB Tony Russell
|
0-0: Foul Ball, location: 2F 0-1: Ball 1-1: Fly out, F9 (Flyball, 9D, EV 80.6 MPH)
|
|
Batting: RHB Richard Duran
|
0-0: Called Strike 0-1: Fly out, F7 (Flyball, 7D, EV 77.5 MPH)
|
| Top of the 8th over - 0 runs, 0 hits, 0 errors, 0 left on base; Greenville 5 - Spartanburg 9 |
| BOTTOM OF THE 8TH |
|
Spartanburg Spartans batting - Pitching for Greenville Spinners : RHP Rafael Camarena
|
|
Batting: RHB Van Sowards
|
0-0: Called Strike 0-1: Ball 1-1: Ground out 4-3 (Groundball, 4, EV 78.8 MPH)
|
|
Batting: RHB Gib Seibert
|
0-0: Ball 1-0: Ball 2-0: Foul Ball, location: 2F 2-1: Foul Ball, location: 2F 2-2: Foul Ball, location: 2F 2-2: Ball 3-2: Base on Balls
|
|
Batting: LHB John Hennell
|
0-0: Called Strike Gib Seibert steals 2nd base 0-1: Swinging Strike 0-2: SINGLE (Line Drive, 78M, EV 103.8 MPH) Gib Seibert to third Runner from 3rd tries for Home, SAFE, throw by LF to home
|
|
Batting: RHB Dan Boever
|
0-0: Ball 1-0: Called Strike 1-1: Swinging Strike 1-2: SINGLE (Line Drive, 3D, EV 98.1 MPH) John Hennell to second
|
|
Pitching: LHP Daniel Brown
|
|
|
Batting: RHB Inocencio Guerrero
|
0-0: Called Strike 0-1: Fly out, F2 (Popup, 23F, EV 93.8 MPH)
|
|
Batting: LHB Albert Ortiz
|
0-0: Ball Passed Ball! John Hennell to third Dan Boever to second 1-0: Ball 2-0: Called Strike 2-1: Ground out 4-3 (Groundball, 4M, EV 105.6 MPH)
|
| Bottom of the 8th over - 1 run, 2 hits, 0 errors, 2 left on base; Greenville 5 - Spartanburg 10 |
| TOP OF THE 9TH |
|
Greenville Spinners batting - Pitching for Spartanburg Spartans : LHP Scott Budner
|
|
Batting: RHB Brandt Humphry
|
0-0: Called Strike 0-1: Fly out, F9 (Line Drive, 9, EV 96.3 MPH)
|
|
Batting: LHB William Hance
|
0-0: Ball 1-0: Foul Ball, location: 2F 1-1: Ground out 5-3 (Groundball, 56S, EV 72.5 MPH)
|
|
Batting: SHB Michael Kennedy
|
0-0: SINGLE (Groundball, 6MD, EV 106.9 MPH)
|
|
Batting: LHB John Edmonds
|
0-0: SINGLE (Flyball, 56D, EV 89.4 MPH) Michael Kennedy to second
|
|
Batting: RHB Michael McEvilly
|
0-0: Ball 1-0: Called Strike 1-1: Ball 2-1: Called Strike 2-2: Fielders Choice at 2nd, 6-4 (Groundball, 56, EV 85.0 MPH)
|
| Top of the 9th over - 0 runs, 2 hits, 0 errors, 2 left on base; Greenville 5 - Spartanburg 10 |
|